 Dungeon Crawl Stone Soup version 0.31-a0-845-g9abc20d24f (webtiles) character file.

Game seed: 7560970017894237857

49 Kurtz the Chopper (level 3, 0/26 HPs)
             Began as an Octopode Fighter on Oct 1, 2023.
             Slain by Pargi (2 damage)
             ... on level 3 of the Dungeon.
             The game lasted 00:00:52 (1278 turns).

Kurtz the Chopper (Octopode Fighter)                Turns: 1278, Time: 00:00:53

Health: 0/26       AC:  1    Str: 15    XL:     3   Next: 75%
Magic:  3/3        EV: 13    Int: 10    God:
Gold:   89         SH:  4    Dex: 13    Spells: 2/2 levels left

rFire   . . .        a - +0 war axe
rCold   . . .        b - +0 buckler
rNeg    . . .        (helmet restricted)
rPois   .            (no amulet)
rElec   .            (no ring)
rCorr   .            (no ring)
SInv    .            (no ring)
Will    .....        (no ring)
Stlth   ++           (no ring)
HPRegen 0.24/turn    (no ring)
MPRegen 0.08/turn    (no ring)
                     (no ring)

%: no passive effects
@: no status effects
A: almost no armour, amphibious, 8 rings, camouflage 1, gelatinous body 1,
(nimble swimmer 1), tentacles
a: no special abilities


You were on level 3 of the Dungeon.
You visited 1 branch of the dungeon, and saw 3 of its levels.

You collected 89 gold pieces.

Inventory:

Hand Weapons
 a - a +0 war axe (weapon)
Missiles
 h - 5 boomerangs
Armour
 b - a +0 buckler (worn)
Jewellery
 f - a +5 ring of evasion
Scrolls
 d - 2 scrolls of identify {unknown}
 i - a scroll of revelation {unknown}
 k - a scroll of blinking {unknown}
 l - a scroll of enchant weapon {unknown}
Potions
 e - a potion of heal wounds
 m - a potion of magic


   Skills:
 - Level 3.0 Fighting
 * Level 4.0 Axes
 - Level 3.0 Dodging
 - Level 3.0 Shields


You had 2 spell levels left.
You didn't know any spells.
Your spell library contained the following spells:

 Spells                   Type           Power      Damage    Failure   Level
 Dazzling Flash           Conj/Hex       0%         N/A       83%         3
 Agony                    Necr           0%         N/A       100%        5
 Silence                  Hex/Air        0%         N/A       100%        5


Dungeon Overview and Level Annotations

Branches:
Dungeon (3/15)

Altars:

Annotations:
D:3 Pargi


Innate Abilities, Weirdness & Mutations

You cannot wear most types of armour.
You are amphibious.
You can wear up to eight rings at the same time.
Your skin changes colour to match your surroundings (Stealth+).
Your rubbery body absorbs attacks. (AC +1, EV +1)
((You are camouflaged when in or above water. (Stealth+)))
You have tentacles for arms and can constrict up to eight enemies at once.


Message History

There are monsters nearby!
You closely miss the orc. Your grab misses the orc. You squeeze the orc.
The orc is moderately wounded.
The orc misses you.
There are monsters nearby!
You hit the orc. Your grab misses the orc.
The orc is moderately wounded.
You block the orc's attack.
Pargi snarls, "My home!
Leave!"
The orc closely misses you.
You barely miss the orc. You grab the orc. You squeeze the orc.
You kill the orc!
Your Axes skill increases to level 4!
You feel very mighty all of a sudden. Pargi bites you.
You block Pargi's attack. Pargi barely misses you.
It was a potion of heal wounds.
You feel much better. Pargi closely misses you. Pargi claws you. x2
You barely miss Pargi. Pargi bites you! Pargi claws you.
Pargi closely misses you.
It was a potion of lignification.
You turn into a tree.
Your roots penetrate the ground.
Pargi bites you but does no damage. Pargi claws you but does no damage. x2
It was a potion of curing.
You feel better. Pargi bites you but does no damage. Pargi claws you.
Pargi claws you but does no damage.
It was a potion of magic.
Magic courses through your body. Pargi bites you but does no damage.
You block Pargi's attack. Pargi claws you but does no damage.
It was a potion of cancellation.
Your magical effects are unravelling.
You feel magically purged.
You feel less wooden.
You feel a little less mighty now. Pargi bites you!
* * * LOW HITPOINT WARNING * * *
Pargi claws you.
* * * LOW HITPOINT WARNING * * *
Pargi barely misses you. Pargi attacks as he pursues you! Pargi bites you.
* * * LOW HITPOINT WARNING * * *
Pargi closely misses you. Pargi claws you.
You die...

#.# $.. ##
#?# .....
##.#.##
#.....
##.#)##
#..)T.#
##.#@##
#.....#
##.#.###
#...<..#
.....#?#.#.#
...........#
####.#.#.#.#
.........#
#####.#.# #


You could see Pargi.

Vanquished Creatures
  An adder (D:2)
  A dart slug (D:2)
  An orc (D:3)
  An endoplasm (D:2)
  A giant cockroach (D:1)
  6 goblins
  4 hobgoblins
  A quokka (D:2)
  6 ball pythons
  3 bats
  4 kobolds
  6 rats
35 creatures vanquished.

Notes
Turn   | Place    | Note
-------+----------+-------------------------------------------
     0 | D:1      | Kurtz the Octopode Fighter began the quest for the Orb.
     0 | D:1      | Reached XP level 1. HP: 16/16 MP: 1/1
   146 | D:1      | Reached XP level 2. HP: 21/21 MP: 2/2
   188 | D:1      | Reached skill level 3 in Axes
   541 | D:2      | Reached XP level 3. HP: 24/26 MP: 3/3
   989 | D:2      | Identified the +5 short sword of Pefu {flame, Int+3 Dex+2}
  1266 | D:3      | Noticed Pargi
  1271 | D:3      | Reached skill level 4 in Axes
  1278 | D:3      | Slain by Pargi

Illustrated notes

Levels and vault maps discovered:
D:1:      amcnicky_arrival_choice, layout_rooms, nicolae_figureground_pulse
D:2:      layout_basic
D:3:      layout_basic, mainiacjoe_overflow_surrounded_room, old_standard_altar,
          pdpol_wu_jian_five_deadly_venoms, st_stairs_13, uniq_sigmund,
          uniq_pargi

Skill      XL: |  1  2  3 |
---------------+----------+-----
Axes           | 3 4 |  4.0
Fighting       | |  3.0
Dodging        | |  3.0
Shields        | |  3.0

Action                     || total
---------------------------++-------
  Melee: War axe           ||    51
         Constrict         ||    12
         Tentacles         ||     7
    Use: Potion            ||     6
   Stab: Sleeping          ||     7
 Armour: Skin              ||    34
  Dodge: Dodged            ||    31
  Block: Buckler           ||    10

Table legend: (Time is in decaauts)
 A = Elapsed time spent in this place.
 B = Non-inter-level travel time spent in this place.
 C = Inter-level travel time spent in this place.
 D = Time resting spent in this place.
 E = Time spent auto-exploring this place.
 F = Levels seen in this place.
 G = Mean time per level.
                   A        B        C        D        E       F      G
               +--------+--------+--------+--------+--------+-----+--------+
         Total |   1297 |   1223 |     74 |      0 |    999 |   3 |  432.3 |
       Dungeon |   1297 |   1223 |     74 |      0 |    999 |   3 |  432.3 |
               +--------+--------+--------+--------+--------+-----+--------+

Top non-repeatable levels by time:
     D:2: 732 daAuts
     D:1: 541 daAuts
     D:3: 23 daAuts
